[Event "14th SRB-ch 2020"]
[Site "Vrnjacka Banja"]
[Date "2020.12.08"]
[Round "3.1"]
[White "Kovacevic, Aleksandar"]
[Black "Lajthajm, Borko"]
[Result "1/2-1/2"]
[ECO "C47"]
[WhiteElo "2480"]
[BlackElo "2383"]
[Annotator "ChessBase"]
[PlyCount "100"]
[EventDate "2020.12.07"]
[EventType "tourn"]
[EventCountry "SRB"]
[SourceTitle "playchess.com"]
[Source "ChessBase"]
[SourceQuality "1"]
[TimeControl "40/5400+30:1800+30"]

1. e4 e5 2. Nf3 Nf6 3. Nc3 Nc6 4. h3 Bb4 5. Nd5 Ba5 6. Bc4 O-O 7. Nxf6+ Qxf6 8. O-O d6 9. d3 h6 10. c3 Bb6 11. a4 Be6 12. Nd2 a6 13. Qe2 Rad8 14. b4 d5 15. exd5 Bxd5 16. b5 axb5 17. axb5 Ne7 18. Ba3 Rfe8 19. Bxe7 Qxe7 20. Bxd5 Rxd5 21. c4 Rd7 22. Rad1 Red8 23. Nf3 Bd4 24. Qe4 b6 25. Rfe1 Qc5 26. Nxd4 Rxd4 27. Qxe5 Qxe5 28. Rxe5 Rxc4 29. Re8+ Rxe8 30. dxc4 Kf8 31. Rd7 Rc8 32. Kf1 Ke8 33. Rd2 Ke7 34. Ke2 Ra8 35. Ke3 Ke6 36. h4 g6 37. g3 h5 38. Ke4 Ra4 39. Kd4 Ra1 40. Re2+ Kd6 41. Rd2 Rc1 42. Rd3 Rc2 43. Rf3 f5 44. Rd3 Re2 45. f4 c6 46. bxc6 Re4+ 47. Kc3+ Kxc6 48. Rd8 Re1 49. Rd3 Kc5 50. Rd5+ Kc6 1/2-1/2

[Event "14th SRB-ch 2020"]
[Site "Vrnjacka Banja"]
[Date "2020.12.09"]
[Round "4.1"]
[White "Lajthajm, Borko"]
[Black "Todorovic, Goran M"]
[Result "0-1"]
[ECO "B22"]
[WhiteElo "2383"]
[BlackElo "2417"]
[Annotator "ChessBase"]
[PlyCount "118"]
[EventDate "2020.12.07"]
[EventType "tourn"]
[EventCountry "SRB"]
[SourceTitle "playchess.com"]
[Source "ChessBase"]
[SourceQuality "1"]
[TimeControl "40/5400+30:1800+30"]

1. e4 c5 2. c3 d6 3. d4 Nf6 4. dxc5 Nc6 5. Qc2 dxc5 6. Bf4 g6 7. Nd2 Bg7 8. Rd1 Nd7 9. Bb5 O-O 10. Ngf3 Qb6 11. a4 Nde5 12. Nxe5 Nxe5 13. O-O a6 14. Be2 Qc6 15. Nc4 Nxc4 16. Bxc4 Bg4 17. f3 Be6 18. Bxe6 Qxe6 19. Rd5 c4 20. Rfd1 f5 21. Be3 Rac8 22. a5 Rc6 23. Bb6 fxe4 24. Qxe4 Qxe4 25. fxe4 Re6 26. Re1 Rf4 27. Rd7 Rfxe4 28. Rxe4 Rxe4 29. Kf1 Re5 30. Rxb7 Rb5 31. Ra7 Rxb2 32. Rxa6 Bxc3 33. Ra8+ Kf7 34. Be3 Bd2 35. Bd4 c3 36. Ke2 e5 37. Be3 Bxe3+ 38. Kxe3 Rxg2 39. Ra7+ Kg8 40. Kd3 Rxh2 41. Kxc3 h5 42. Kb3 Rh1 43. Kb2 Rd1 44. Rb7 Rd6 45. Rb6 Rd5 46. Rxg6+ Kh7 47. Ra6 h4 48. Ra7+ Kg6 49. Ra6+ Kg5 50. Ra8 h3 51. a6 Ra5 52. Kc3 h2 53. Rh8 Ra3+ 54. Kc4 Rxa6 55. Rxh2 Rd6 56. Rf2 e4 57. Kc3 Kg4 58. Kc2 e3 59. Rf7 e2 0-1

[Event "14th SRB-ch 2020"]
[Site "Vrnjacka Banja"]
[Date "2020.12.09"]
[Round "4.5"]
[White "Kovacevic, Aleksandar"]
[Black "Budisavljevic, Luka"]
[Result "1-0"]
[ECO "B22"]
[WhiteElo "2480"]
[BlackElo "2492"]
[Annotator "ChessBase"]
[PlyCount "113"]
[EventDate "2020.12.07"]
[EventType "tourn"]
[EventCountry "SRB"]
[SourceTitle "playchess.com"]
[Source "ChessBase"]
[SourceQuality "1"]
[TimeControl "40/5400+30:1800+30"]

1. e4 c5 2. Nf3 e6 3. c3 d5 4. exd5 Qxd5 5. d4 Nf6 6. Na3 Nc6 7. Be3 cxd4 8. Nb5 Qd8 9. Nbxd4 Nd5 10. Bg5 f6 11. Nxc6 bxc6 12. Bd2 Bd6 13. c4 Ne7 14. Bd3 c5 15. Qc2 f5 16. Bc3 O-O 17. O-O-O Qc7 18. Rhe1 Nc6 19. Qe2 a5 20. g3 Be7 21. Bc2 Qb6 22. Ba4 Nb4 23. b3 Bf6 24. Be5 Na6 25. Rd6 Qb4 26. Bxf6 gxf6 27. Kb2 Nc7 28. a3 Qb8 29. Red1 Ra7 30. Rd8 Na8 31. Qe3 Raf7 32. Be8 Rc7 33. Qh6 Rb7 34. Bb5 Rbf7 35. Qe3 Qc7 36. R8d6 Qa7 37. Rc6 Rc7 38. Rdd6 Kg7 39. Ne1 Rff7 40. Nd3 Rxc6 41. Rxc6 Qb8 42. Nxc5 Nc7 43. a4 e5 44. Qd2 Bb7 45. Rd6 Qa7 46. Qe3 Qb8 47. Nd7 Qh8 48. Nxe5 Re7 49. Rd7 Rxd7 50. Nxd7 Qd8 51. Nc5 Be4 52. Bd7 Qe7 53. Qd4 h5 54. Nxe4 fxe4 55. Bf5 Qb4 56. Qd7+ Kf8 57. Bg6 1-0

[Event "14th SRB-ch 2020"]
[Site "Vrnjacka Banja"]
[Date "2020.12.11"]
[Round "7.3"]
[White "Cabarkapa, Novak"]
[Black "Kovacevic, Aleksandar"]
[Result "0-1"]
[ECO "E14"]
[WhiteElo "2463"]
[BlackElo "2480"]
[Annotator "ChessBase"]
[PlyCount "74"]
[EventDate "2020.12.07"]
[EventType "tourn"]
[EventCountry "SRB"]
[SourceTitle "playchess.com"]
[Source "ChessBase"]
[SourceQuality "1"]
[TimeControl "40/5400+30:1800+30"]

1. c4 e6 2. Nc3 d5 3. e3 Nf6 4. Nf3 Be7 5. b3 O-O 6. Bb2 b6 7. cxd5 exd5 8. d4 c5 9. Be2 Bb7 10. O-O Nbd7 11. Rc1 Rc8 12. Bd3 Bd6 13. Ne2 Re8 14. Ng3 Ne4 15. dxc5 Nxg3 16. fxg3 Bxc5 17. Nh4 Bxe3+ 18. Kh1 Rxc1 19. Bxc1 Bxc1 20. Qxc1 Ne5 21. Qf4 d4 22. Bc4 g5 23. Qf2 Bd5 24. Bxd5 Qxd5 25. Nf5 d3 26. Nh6+ Kf8 27. Qf6 Re6 28. Qh8+ Ke7 29. Ng8+ Kd6 30. Nf6 Qb7 31. Qd8+ Nd7 32. Ne8+ Kc6 33. Ng7 Re5 34. Nf5 d2 35. Nd4+ Kd6 36. Nf3 Qxf3 37. gxf3 Re1 0-1

[Event "14th SRB-ch 2020"]
[Site "Vrnjacka Banja"]
[Date "2020.12.12"]
[Round "8.4"]
[White "Budisavljevic, Luka"]
[Black "Cabarkapa, Novak"]
[Result "1-0"]
[ECO "D90"]
[WhiteElo "2492"]
[BlackElo "2463"]
[Annotator "RC"]
[PlyCount "121"]
[EventDate "2020.12.07"]
[EventType "tourn"]
[EventCountry "SRB"]
[SourceTitle "playchess.com"]
[Source "ChessBase"]
[SourceQuality "1"]
[TimeControl "40/5400+30:1800+30"]

1. d4 Nf6 2. c4 g6 3. Nc3 d5 4. Nf3 Bg7 5. h4 dxc4 6. e4 c5 7. d5 b5 8. h5 O-O 9. hxg6 fxg6 10. e5 Ng4 11. d6 e6 12. Rxh7 Rf5 13. Rh3 Nc6 14. a4 b4 15. Nb5 Ncxe5 16. Nxe5 Nxe5 17. g4 Rf8 18. Be3 Bb7 19. Be2 Qf6 20. Bxc5 a6 21. Nc7 Rad8 22. Qd4 Rf7 23. f4 Nd3+ 24. Bxd3 Qxd4 25. Bxd4 Bxd4 26. Bxc4 Rxd6 27. Bxe6 Bxb2 28. Rd1 Rxd1+ 29. Kxd1 Bc8 30. Bxf7+ Kxf7 31. Rg3 g5 32. Nd5 gxf4 33. Nxf4 Be5 34. Kc2 Bb7 35. Rg1 a5 36. Nd3 Bg7 37. Rf1+ Ke7 38. Rf5 b3+ 39. Kd2 b2 40. Nxb2 Bxb2 41. Rb5 Bc6 42. Rxb2 Bxa4 43. Ke3 Bd1 44. Kf4 a4 45. Rb6 Be2 46. Kf5 Bd3+ 47. Ke5 Kf7 48. Rb7+ Kg6 49. Kf4 Be2 50. Rb4 Bd1 51. Rb6+ Kf7 52. Kg5 Ke7 53. Kf4 Be2 54. g5 Bd3 55. Rb7+ Ke6 56. Ra7 Bc2 57. Rc7 Bb1 58. Ra7 Bc2 59. Kg4 Bd1+ 60. Kh4 Be2 61. g6 1-0

[Event "14th SRB-ch 2020"]
[Site "Vrnjacka Banja"]
[Date "2020.12.13"]
[Round "9.3"]
[White "Todorovic, Goran M"]
[Black "Budisavljevic, Luka"]
[Result "1-0"]
[ECO "B43"]
[WhiteElo "2417"]
[BlackElo "2492"]
[Annotator "RC"]
[PlyCount "67"]
[EventDate "2020.12.07"]
[EventType "tourn"]
[EventCountry "SRB"]
[SourceTitle "playchess.com"]
[Source "ChessBase"]
[SourceQuality "1"]
[TimeControl "40/5400+30:1800+30"]

1. e4 c5 2. Nf3 a6 3. Nc3 e6 4. d4 cxd4 5. Nxd4 b5 6. Bd3 Qb6 7. Nb3 Qc7 8. Qf3 b4 9. Nb1 Nc6 10. O-O Nf6 11. a3 Bb7 12. axb4 Bxb4 13. Qe2 O-O 14. Bg5 Be7 15. Nc3 Ne5 16. Na5 Rab8 17. f4 Nxd3 18. cxd3 d5 19. e5 Bc5+ 20. Kh1 Nd7 21. Nb3 Ba8 22. Nxc5 Nxc5 23. d4 Nb3 24. Rad1 Rb4 25. Qf2 Qa7 26. f5 exf5 27. Rd3 Re8 28. Rfd1 Na5 29. Qh4 Qb6 30. Rg3 Kh8 31. Bf6 gxf6 32. Qh6 Rg8 33. Rxg8+ Kxg8 34. exf6 1-0